 Dungeon Crawl Stone Soup version 0.30-a0-140-gd1020e658a (webtiles) character file.

Game seed: 3783973277041984713

1995 themarg the Insei (level 9, -2/68 HPs)
             Began as a Gnoll Transmuter on Sept 25, 2022.
             Killed from afar by a gargoyle (19 damage)
             ... with a stone arrow
             ... on level 7 of the Dungeon.
             The game lasted 00:20:44 (6935 turns).

themarg the Insei (Gnoll Transmuter)                Turns: 6935, Time: 00:20:45

Health: -2/68      AC:  2    Str: 10    XL:     9   Next: 21%
Magic:  17/18      EV: 23    Int: 17    God:
Gold:   356        SH:  0    Dex: 17    Spells: 15/21 levels left

rFire   . . .      SeeInvis .      - Unarmed
rCold   . . .      Faith    .    (shield currently unavailable)
rNeg    . . .      Spirit   .    (body armour currently unavailable)
rPois   x          Reflect  .    (helmet currently unavailable)
rElec   .          Harm     .    (cloak currently unavailable)
rCorr   .          Rampage  .    (gloves currently unavailable)
Will    .....                    (boots currently unavailable)
Stlth   +++.......               (no amulet)
HPRegen 0.21/turn                (no ring)
MPRegen 0.16/turn                (no ring)

@: spider-form
A: venomous fangs, tiny, (fangs 1), strong nose, distributed training
a: End Transformation


You were on level 7 of the Dungeon.
You were a venomous arachnid creature.
You visited 1 branch of the dungeon, and saw 7 of its levels.

You collected 384 gold pieces.
You spent 28 gold pieces at shops.

Inventory:

Hand Weapons
 f - a +2 vampiric short sword
 z - a +2 flail of draining
 K - the +6 dagger "Killer Klown's Peril" (melded) {protect, +Blink Str+6}
   (You found it on level 6 of the Dungeon)

   It grants its wielder temporary protection when it strikes (+7 to AC).
   Str:       It affects your strength (+6).
   +Blink:    It lets you blink.
Missiles
 k - 4 curare-tipped darts
 q - 5 poisoned darts
 E - 6 atropa-tipped darts
 I - a throwing net
Armour
 a - a +0 robe (melded)
 C - a +2 pair of gloves (melded)
 H - a +0 pair of boots (melded)
Jewellery
 r - a ring of wizardry
 B - a +6 ring of dexterity
 G - an amulet of magic regeneration
Wands
 u - a wand of flame (27)
 A - a wand of iceblast (4)
 F - a wand of polymorph (10)
Scrolls
 c - 2 scrolls of fog {unknown}
 d - 4 scrolls of magic mapping {unknown}
 j - a scroll of blinking {unknown}
 m - a scroll of torment {unknown}
 o - 3 scrolls of teleportation {unknown}
 p - 3 scrolls of noise {unknown}
 y - 2 scrolls of identify
Potions
 b - 3 potions of lignification
 e - 3 potions of flight
 g - 2 potions of brilliance
 h - a potion of resistance
 i - a potion of might {unknown}
 l - 2 potions of haste {unknown}
 n - 3 potions of mutation
 s - a potion of magic {unknown}
 t - 4 potions of heal wounds {unknown}
 v - 2 potions of cancellation {unknown}
 w - a potion of ambrosia {unknown}
 x - a potion of berserk rage {unknown}
 D - 5 potions of curing {unknown}
 J - a potion of attraction {unknown}


   Skills:
 + Level 5.0 Fighting
 + Level 4.1 Short Blades
 + Level 4.1 Long Blades
 + Level 4.1 Axes
 + Level 4.1 Maces & Flails
 + Level 4.1 Polearms
 + Level 4.1 Staves
 + Level 4.1 Ranged Weapons
 + Level 4.1 Throwing
 + Level 4.1 Armour
 + Level 6.2 Dodging
 + Level 4.1 Stealth
 + Level 4.1 Shields
 + Level 7.8 Unarmed Combat
 + Level 6.6 Spellcasting
 + Level 3.4 Conjurations
 + Level 3.4 Hexes
 + Level 3.4 Summonings
 + Level 3.4 Necromancy
 + Level 3.4 Translocations
 + Level 5.2 Transmutations
 + Level 3.4 Fire Magic
 + Level 3.4 Ice Magic
 + Level 3.4 Air Magic
 + Level 3.4 Earth Magic
 + Level 3.4 Poison Magic
 + Level 4.6 Invocations
 + Level 4.1 Evocations


You had 15 spell levels left.
You knew the following spells:

 Your Spells              Type           Power      Damage    Failure   Level
a - Beastly Appendage     Tmut           46%        N/A       6%          1
b - Wereblood             Tmut           23%        N/A       9%          2
c - Spider Form           Tmut/Pois      20%        N/A       17%         3

Your spell library contained the following spells:

 Spells                   Type           Power      Damage    Failure   Level
 Sandblast                Erth           34%        2d9       11%         1
 Passwall                 Tmut/Erth      16%        N/A       11%         2
 Stone Arrow              Conj/Erth      34%        3d9       22%         3
 Ice Form                 Ice/Tmut       20%        N/A       41%         4
 Animate Armour           Summ/Erth      34%        N/A       50%         4
 Lehudib's Crystal Spear  Conj/Erth      8%         10d4      100%        8


Dungeon Overview and Level Annotations

Branches:
Dungeon (7/15)
 Temple: D:4-7

Altars:
Ashenzari
Elyvilon
Gozag
Makhleb
Qazlal
Sif Muna
Trog
Wu Jian
Yredelemnul
The Shining One

Shops:
D:3 *

Annotations:
D:4 1 runed translucent door, Daxter95's ghost, weakling MiDe
D:5 exclusion: door, Blork the orc


Innate Abilities, Weirdness & Mutations

You are a venomous arachnid creature.
You have poisonous fangs.
You are tiny and dextrous.
Your spellcasting is less reliable in this form.
Your armour is entirely melded.
You are incapable of wielding weapons or throwing items.
((You have very sharp teeth.))
Your uncanny sense of smell can sniff out nearby items.
Your experience applies equally to all skills.


Message History

Confirm with . or Enter, or press ? or * to list all spells.
You turn into a venomous arachnid creature.
The +6 dagger "Killer Klown's Peril" {protect, +Blink Str+6} melds into your body.
Your +2 pair of gloves melds into your body.
Your +0 pair of boots melds into your body.
Your +0 robe melds into your body.
The +6 dagger "Killer Klown's Peril" {protect, +Blink Str+6} goes still.
The wight barely misses you.
You hit the wight.
The wight is moderately damaged.
The wight barely misses you.
You hit the wight.
The wight is heavily damaged.
You feel stable enough to blink again. The wight barely misses you.
You hit the wight.
The wight is almost destroyed.
The gargoyle hurls a stone arrow at you.
The stone arrow hits you!! The wight closely misses you.
You hit the wight but do no damage.
The wight is almost destroyed.
The wight barely misses you.
You hit the wight.
The wight is almost destroyed.
You bite the wight!
You destroy the wight!
Your Fighting skill increases to level 5!
The gargoyle attacks as you move away! The gargoyle completely misses you.
You bite the gargoyle!
The gargoyle is moderately damaged.
The gargoyle misses you.
You hit the gargoyle but do no damage.
The gargoyle is moderately damaged.
The gargoyle hits you with a +0 morningstar!
* * * LOW HITPOINT WARNING * * *
You hit the gargoyle.
The gargoyle is heavily damaged.
The gargoyle hurls a stone arrow at you.
The stone arrow hits you!!
You die...

#...# #.. #...# #...
##.## #.... #.# #.# #.
#.###### ###.###..
#....... #.#.....#
#.###..####. #.#.....#
#.......#
#...s9.######....###
.#.##...............#
#.....)........##...#
#....#########[..###..#
...##.......#....# ..#
## #.# #9...# .. #.#
#.######### #.#
#.......... #9#
#.#...#...


You could see a gargoyle.

Vanquished Creatures
  Sigmund (D:3)
  A sky beast (D:6)
  A black bear (D:3)
  3 ogres
  A centaur (D:6)
  A phantom (D:4)
  2 necrophages
  A bullfrog (D:6)
  A gnoll sergeant (D:6)
  A scorpion (D:5)
  5 wights
  2 hounds (D:6)
  5 jellies
  2 orc priests
  4 iguanas
  2 orc wizards (D:5)
  4 gnolls (D:6)
  8 adders
  A shadow imp (D:6)
  An ufetubus (D:6)
  4 worms
  2 dart slugs (D:4)
  16 orcs
  5 ball pythons
  9 bats
  5 endoplasms
  4 giant cockroaches
  4 goblins
  8 hobgoblins
  9 jackals
  5 quokkas
  2 frilled lizards
  4 kobolds
  7 rats
131 creatures vanquished.

Vanquished Creatures (others)
  2 withered plants (D:4)
2 creatures vanquished.

Grand Total: 133 creatures vanquished

Notes
Turn   | Place    | Note
-------+----------+-------------------------------------------
     0 | D:1      | themarg the Gnoll Transmuter began the quest for the Orb.
     0 | D:1      | Reached XP level 1. HP: 17/17 MP: 6/6
   150 | D:1      | Reached XP level 2. HP: 22/23 MP: 5/7
   153 | D:1      | Learned a level 2 spell: Wereblood
   526 | D:1      | Reached skill level 5 in Spellcasting
   526 | D:1      | Reached XP level 3. HP: 28/28 MP: 6/9
  1092 | D:2      | Identified the +4 scale mail of Reason {*Corrode rF- Int+8}
  1118 | D:2      | Reached skill level 1 in Invocations
  1125 | D:2      | Reached skill level 1 in Short Blades
  1125 | D:2      | Reached skill level 1 in Long Blades
  1125 | D:2      | Reached skill level 1 in Axes
  1125 | D:2      | Reached skill level 1 in Maces & Flails
  1125 | D:2      | Reached skill level 1 in Polearms
  1125 | D:2      | Reached skill level 1 in Staves
  1125 | D:2      | Reached skill level 1 in Ranged Weapons
  1125 | D:2      | Reached skill level 1 in Throwing
  1125 | D:2      | Reached skill level 1 in Armour
  1125 | D:2      | Reached skill level 1 in Stealth
  1125 | D:2      | Reached skill level 1 in Shields
  1125 | D:2      | Reached skill level 1 in Evocations
  1187 | D:2      | Reached XP level 4. HP: 34/34 MP: 9/11
  1191 | D:2      | Learned a level 3 spell: Spider Form
  1651 | D:2      | Reached skill level 1 in Conjurations
  1651 | D:2      | Reached skill level 1 in Hexes
  1651 | D:2      | Reached skill level 1 in Summonings
  1651 | D:2      | Reached skill level 1 in Necromancy
  1651 | D:2      | Reached skill level 1 in Translocations
  1651 | D:2      | Reached skill level 1 in Fire Magic
  1651 | D:2      | Reached skill level 1 in Ice Magic
  1651 | D:2      | Reached skill level 1 in Air Magic
  1651 | D:2      | Reached skill level 1 in Earth Magic
  1651 | D:2      | Reached skill level 1 in Poison Magic
  1767 | D:3      | Noticed a black bear
  1824 | D:3      | Found a white marble altar of Elyvilon.
  1828 | D:3      | Noticed Sigmund
  1842 | D:3      | Killed Sigmund
  1843 | D:3      | Reached XP level 5. HP: 12/41 MP: 8/12
  1843 | D:3      | Reached XP level 6. HP: 13/47 MP: 9/14
  2286 | D:3      | Reached skill level 5 in Dodging
  2372 | D:3      | Found Duit's General Store.
  2382 | D:3      | Bought a scroll of identify for 28 gold pieces
  2655 | D:3      | Killed a black bear
  2975 | D:3      | Found a basalt altar of Yredelemnul.
  2977 | D:3      | Found an opulent altar of Gozag.
  3051 | D:3      | Found a broken altar of Ashenzari.
  3053 | D:3      | Found an ornate altar of the Wu Jian Council.
  3102 | D:4      | Reached skill level 7 in Unarmed Combat
  3102 | D:4      | Reached XP level 7. HP: 37/52 MP: 12/15
  3212 | D:4      | Found a burning altar of Makhleb.
  3873 | D:4      | Found a runed translucent door.
  3873 | D:4      | Noticed Daxter95's ghost (weakling MiDe)
  4080 | D:5      | Entered Level 5 of the Dungeon
  4551 | D:5      | Found a stormy altar of Qazlal.
  4552 | D:5      | Noticed a fire elemental
  4555 | D:5      | Noticed an air elemental
  4686 | D:5      | Noticed a water elemental
  4829 | D:5      | Noticed Blork the orc
  4845 | D:5      | Found a shimmering blue altar of Sif Muna.
  5087 | D:5      | Reached XP level 8. HP: 36/59 MP: 13/16
  5332 | D:5      | Found a glowing golden altar of the Shining One.
  5591 | D:6      | Reached skill level 5 in Transmutations
  5870 | D:6      | Reached XP level 9. HP: 41/67 MP: 15/18
  6418 | D:6      | Found a bloodstained altar of Trog.
  6424 | D:6      | Identified the +6 dagger "Killer Klown's Peril" {protect,
                  | +Blink Str+6}
  6895 | D:7      | Noticed a gargoyle
  6931 | D:7      | Reached skill level 5 in Fighting
  6935 | D:7      | Killed from afar by a gargoyle

Illustrated notes

Levels and vault maps discovered:
D:1:      dpeg_arrival_boxes_within_box, layout_basic,
          chequers_serial_rivers_room_b, minmay_misc_feat_five,
          minmay_misc_feat_secret_circle
D:2:      layout_rooms
D:3:      layout_basic, elyvilon_altar_3, nicolae_overflow_hidden_temple,
          serial_shops, nicolae_lakefront_shop, uniq_sigmund
D:4:      layout_gridville, nicolae_overflow_crystal_walls,
          gammafunk_ghost_grave
D:5:      layout_rooms, led_sif_book, nicolae_qazlal_style_of_elements,
          nicolae_tso_swordbearing_angel, serial_rivers,
          chequers_serial_rivers_room_a, chequers_serial_rivers_room_b,
          chequers_serial_rivers_room_b, chequers_serial_rivers_marsh,
          chequers_serial_rivers_micro_b, chequers_serial_rivers_micro_a,
          grunt_decor_cap, dreamdust_princess_bridge, uniq_blork_the_orc
D:6:      layout_gridville, bloody_trog, chequers_serial_rivers_room_b,
          minmay_alternating_orb
D:7:      layout_basic, lemuel_coloured_pillars_altar,
          minmay_temple_entry_steel_oval, nicolae_good_shop

Skill      XL: |  1  2  3  4  5  6  7  8  9 |
---------------+----------------------------+-----
Spellcasting   | 5 6 |  6.6
Invocations    | 1 2 3 4 |  4.6
Short Blades   | 1 2 3 4 |  4.1
Long Blades    | 1 2 3 4 |  4.1
Axes           | 1 2 3 4 |  4.1
Maces & Flails | 1 2 3 4 |  4.1
Polearms       | 1 2 3 4 |  4.1
Staves         | 1 2 3 4 |  4.1
Ranged Weapons | 1 2 3 4 |  4.1
Throwing       | 1 2 3 4 |  4.1
Armour         | 1 2 3 4 |  4.1
Stealth        | 1 2 3 4 |  4.1
Shields        | 1 2 3 4 |  4.1
Evocations     | 1 2 3 4 |  4.1
Conjurations   | 1 2 3 |  3.4
Hexes          | 1 2 3 |  3.4
Summonings     | 1 2 3 |  3.4
Necromancy     | 1 2 3 |  3.4
Translocations | 1 2 3 |  3.4
Fire Magic     | 1 2 3 |  3.4
Ice Magic      | 1 2 3 |  3.4
Air Magic      | 1 2 3 |  3.4
Earth Magic    | 1 2 3 |  3.4
Poison Magic   | 1 2 3 |  3.4
Fighting       | 3 4 5 |  5.0
Transmutations | 4 5 |  5.2
Dodging        | 5 6 |  6.2
Unarmed Combat | 7 |  7.8

Action                   |  1- 3 |  4- 6 |  7- 9 || total
-------------------------+-------+-------+-------++-------
Melee: Unarmed           |     6 |    43 |   202 ||   251
       Headbutt          |     8 |     9 |       ||    17
       Short sword       |    74 |    47 |     2 ||   123
       Kick              |    15 |    13 |       ||    28
       Bite              |     5 |     5 |       ||    10
       Punch             |     1 |     1 |       ||     2
 Cast: Beastly Appendage |    19 |    15 |       ||    34
       Wereblood         |     2 |     2 |       ||     4
       Spider Form       |       |     8 |    30 ||    38
 Abil: Evoke Blink       |       |       |     1 ||     1
  Use: Scroll            |       |     4 |       ||     4
 Stab: Sleeping          |       |     2 |       ||     2
Armor: Robe              |    19 |     7 |     1 ||    27
       Skin              |       |     3 |    14 ||    17
Dodge: Dodged            |    52 |    52 |   169 ||   273

Table legend: (Time is in decaauts)
 A = Elapsed time spent in this place.
 B = Non-inter-level travel time spent in this place.
 C = Inter-level travel time spent in this place.
 D = Time resting spent in this place.
 E = Time spent auto-exploring this place.
 F = Levels seen in this place.
 G = Mean time per level.
                   A        B        C        D        E       F      G
               +--------+--------+--------+--------+--------+-----+--------+
         Total |   6905 |   6707 |    198 |   1401 |   4055 |   7 |  986.4 |
       Dungeon |   6905 |   6707 |    198 |   1401 |   4055 |   7 |  986.4 |
               +--------+--------+--------+--------+--------+-----+--------+

Top non-repeatable levels by time:
     D:3: 1331 daAuts
     D:5: 1307 daAuts
     D:6: 1275 daAuts
     D:4: 1074 daAuts
     D:1: 996 daAuts
     D:2: 730 daAuts
     D:7: 190 daAuts
